Map: Abyss

Players

Ecrotoss

  • Race: Protoss Protoss
  • Spawn Location: 7:00

SneakyWolfe

  • Race: Terran Terran
  • Spawn Location: 11:00

CBagRun

  • Race: Zerg Zerg
  • Spawn Location: 3:00

HORSES

  • Race: Zerg Zerg
  • Spawn Location: 9:00

VOD

Have the link to the VOD?

Description

Time

  • Played on: Dec. 13, 2021, 1:11 a.m.
  • Length: 25:23
Show
View Real Time Build Order
Export as new Build Order

Ecrotoss Protoss 

Build Orders: Double Forge 

Get SALT Encoding   

  12  0:00  Probe  
  13  0:12  Probe  
  14  0:19  Pylon  
  14  0:27  Pylon  
  14  0:37  Probe  
  15  0:45  Assimilator  
  15  0:49  Probe  
  16  0:57  Gateway  
  16  1:01  Probe  
  17  1:13  Probe  
  17  1:16  Gateway  
  18  1:22  Assimilator  
  18  1:25  Probe  
  19  1:52  Nexus  
  19  1:56  Assimilator  
  19  2:00  Pylon  
  19  2:03  Probe  
  20  2:21  Forge  
  20  2:28  Zealot  
  20  2:29  Zealot  
  24  2:48  Pylon  
  24  2:57  Gateway  
  24  3:00  Cybernetics Core  
  24  3:04  Forge  
  24  3:08  Probe  
  25  3:17  Probe  
  26  3:20  Probe  
  27  3:28  Zealot  
  27  3:29  Probe  
  27  3:31  Zealot  
  32  3:36  Probe  
  32  3:40  Protoss Ground Weapons Level 1  
  33  3:45  Protoss Ground Armor Level 1  
  33  3:58  Gateway  
  33  4:05  Twilight Council  
  33  4:15  Pylon  
  33  4:22  Robotics Facility  
  33  4:34  Sentry, Stalker  
  33  4:35  Stalker  
  39  4:49  Probe  
  40  5:01  Probe, Forge  
  40  5:03  Warp Gate  
  43  5:12  Templar Archives  
  43  5:13  Observer, Probe  
  35  6:21  Zealot x2  
  35  6:22  Stalker  
  39  6:29  Photon Cannon  
  37  6:34  Photon Cannon  
  37  6:38  Pylon  
  37  6:40  Pylon  
  37  6:45  Immortal  
  41  6:55  Protoss Ground Weapons Level 2  
  41  6:59  Probe  
  42  7:11  Probe  
  43  7:23  Probe  
  43  7:24  Sentry, Immortal  
  50  7:35  Protoss Ground Armor Level 2  
  50  7:37  Protoss Shields Level 1  
  50  7:51  Gateway  
  50  7:54  Gateway  
  50  7:56  Gateway  
  50  8:03  Warp Prism  
  52  8:17  Blink  
  52  8:37  Robotics Bay  
  52  9:10  Zealot x4  
  52  9:11  Zealot x2  
  42  9:57  Zealot  
  44  10:02  Zealot x3  
  44  10:03  Zealot x2  
  54  10:17  Colossus  
  54  10:18  Charge  
  60  10:31  Robotics Facility  
  60  10:46  Stalker x2  
  60  10:47  Stalker  
  60  10:49  Sentry  
  68  10:51  Zealot x2  
  72  11:10  Warp Prism  
  74  11:24  Zealot x3  
  74  11:25  Zealot x3  
  86  11:53  Colossus  
  86  11:59  Pylon  
  80  12:02  Pylon  
  80  12:04  Pylon  
  80  12:29  Adept x2  
  84  12:30  Adept x3  
  84  12:31  Adept  
  90  12:57  Disruptor  
  90  12:58  Colossus  
  99  13:26  Adept x3  
  105  13:28  Zealot  
  105  13:29  Zealot  
  105  13:34  Observer  
  110  13:36  Pylon  
  110  13:38  Pylon  
  110  14:08  Nexus  
  104  14:41  Colossus  
  104  15:03  Zealot x3  
  104  15:04  Zealot  
  104  15:05  Stalker x3  
  92  16:05  Zealot x3  
  92  16:06  Zealot x3  
  92  16:07  Zealot  
  106  16:37  Stalker x3  
  106  16:39  Stalker x2  
  116  17:05  Protoss Ground Weapons Level 3  
  36  18:25  Zealot x4  
  36  18:26  Zealot x2  
Show
View Real Time Build Order
Export as new Build Order

SneakyWolfe Terran 

Build Orders:  

Get SALT Encoding   

  12  0:30  Refinery  
  12  0:43  SCV  
  13  0:55  SCV  
  14  1:07  SCV  
  15  1:18  Supply Depot  
  15  1:32  Supply Depot x2  
  15  1:34  Supply Depot  
  15  1:39  SCV  
  16  1:49  Barracks  
  16  2:07  Supply Depot  
  16  2:38  Orbital Command  
  16  2:40  Marine  
  17  2:57  Refinery  
  17  2:58  Marine  
  18  3:15  Marine  
  19  3:33  Marine  
  20  3:51  Marine  
  21  4:26  Bunker  
  21  4:37  Barracks Tech Lab  
  21  4:41  Barracks Tech Lab  
  21  4:49  Barracks  
  21  4:56  Barracks  
  21  5:18  Stimpack  
  21  5:59  Barracks Reactor  
  21  6:00  Barracks Reactor  
  21  6:20  SCV  
  22  6:33  SCV  
  23  6:54  Command Center  
  23  7:09  Reaper x2  
  25  7:28  Supply Depot  
  25  7:38  Supply Depot  
  25  7:41  Reaper x2  
  27  8:11  Supply Depot  
  27  8:13  Reaper x2, Supply Depot  
  29  8:31  SCV  
  30  8:43  SCV  
  30  8:45  Reaper x2  
  33  8:50  Bunker  
  33  8:54  Bunker  
  33  8:55  SCV  
  34  8:59  Marine  
  35  9:03  Marine x2  
  35  9:07  SCV  
  38  9:16  Marine  
  39  9:19  SCV  
  39  9:20  Marine x2  
  42  9:31  SCV  
  42  9:34  Marine  
  44  9:43  SCV  
  45  9:55  SCV  
  46  10:08  SCV  
  47  10:16  Reaper x2  
  47  10:19  Reaper  
  47  10:20  Reaper  
  51  10:32  Command Center  
  51  10:40  SCV  
  52  10:48  Reaper x2  
  54  10:51  Reaper  
  54  10:52  Reaper, SCV  
  58  11:04  SCV  
  58  11:14  Combat Shield  
  58  11:16  SCV  
  59  11:20  Reaper x2  
  59  11:24  Reaper x2  
  63  11:28  SCV  
  64  11:34  Refinery  
  64  11:35  Refinery  
  64  11:52  Reaper  
  64  11:53  Reaper  
  66  11:56  Reaper x2  
  68  12:12  SCV  
  69  12:24  SCV  
  70  12:33  Concussive Shells  
  70  12:36  SCV  
  71  12:48  Reaper x2, SCV  
  71  12:51  Reaper x2  
  75  13:20  Reaper x2  
  75  13:23  Reaper x2  
  61  13:52  Reaper x2  
  61  13:55  Reaper x2  
  37  14:38  Marine x2  
  37  14:40  Marine x2  
  41  14:56  Marine x2  
  41  14:58  Marine x2  
  45  15:09  Bunker  
  45  15:14  Marine x2, Bunker  
  45  15:16  Marine x2  
  49  15:23  Bunker  
  49  15:27  Engineering Bay  
  49  15:32  Marine x2  
  49  15:34  Marine x2  
  53  16:07  Missile Turret  
  53  16:12  Missile Turret  
  53  16:15  Missile Turret  
  53  16:19  Missile Turret  
  53  16:21  Missile Turret  
  53  16:22  Missile Turret  
  53  16:23  Missile Turret  
  53  16:28  Missile Turret  
  53  17:30  Supply Depot  
  53  17:38  Supply Depot  
  53  17:40  Supply Depot  
  53  17:53  Supply Depot  
  53  17:58  Supply Depot  
  53  18:17  Bunker  
  53  19:00  Bunker  
  53  19:46  Factory  
  53  20:24  Missile Turret  
  53  20:26  Missile Turret  
  53  20:30  Missile Turret  
  53  20:32  Missile Turret  
  53  20:33  Missile Turret  
  53  21:11  Bunker  
  49  22:41  Marine x2  
  51  22:59  Marine x2  
  51  23:00  Factory Tech Lab  
  53  23:17  Marine x2  
  55  23:20  Siege Tank  
  58  23:41  Factory  
  58  23:52  Siege Tank  
  61  24:24  Siege Tank  
  64  24:58  Factory Tech Lab  
Show
View Real Time Build Order
Export as new Build Order

CBagRun Zerg 

Build Orders: Pool First 

Get SALT Encoding   

  12  0:20  Spawning Pool  
  11  0:22  Drone  
  11  0:27  Drone  
  13  0:36  Extractor  
  12  0:51  Drone x2  
  12  0:54  Overlord  
  14  1:14  Zergling x2  
  14  1:16  Queen  
  17  1:19  Drone  
  18  1:27  Zergling x2  
  19  1:37  Zergling x2  
  20  2:01  Zergling x4  
  22  2:09  Overlord  
  22  2:55  Drone x3, Extractor  
  22  2:56  Drone  
  25  3:06  Spine Crawler  
  25  3:09  Spine Crawler  
  23  3:43  Hatchery  
  21  3:59  Hatchery  
  20  4:07  Zergling x2  
  20  4:08  Zergling x10  
  24  4:25  Queen  
  24  4:29  Zergling x2  
  27  4:33  Metabolic Boost  
  27  4:42  Drone x3  
  30  4:46  Overlord  
  30  4:49  Overlord  
  30  5:13  Drone x2  
  32  5:18  Extractor  
  31  5:22  Extractor  
  31  5:25  Lair  
  30  5:29  Zergling x2  
  30  5:30  Zergling x6  
  34  5:38  Drone x3  
  37  5:47  Drone x2  
  37  5:48  Drone  
  40  5:58  Drone  
  41  6:07  Drone x3  
  44  6:12  Drone x3  
  47  6:25  Evolution Chamber  
  46  6:37  Spire  
  46  6:39  Drone  
  46  6:43  Drone  
  47  7:02  Queen  
  49  7:21  Infestation Pit  
  48  7:25  Drone  
  48  7:26  Drone x6  
  55  7:31  Drone x3  
  58  7:39  Overlord x2  
  58  7:59  Zerg Ground Armor Level 1  
  58  8:08  Drone x3  
  58  8:09  Drone x3  
  64  8:14  Drone x3  
  64  8:19  Drone x3  
  71  8:20  Drone  
  71  8:23  Mutalisk  
  73  8:28  Overlord x3  
  66  8:56  Hive  
  66  9:07  Drone x4  
  66  9:08  Drone  
  71  9:11  Overlord x3  
  71  9:12  Overlord x2  
  71  9:17  Mutalisk  
  71  9:18  Mutalisk x2  
  77  9:31  Drone  
  78  10:25  Ultralisk Cavern  
  78  10:27  Zerg Flyer Armor Level 1  
  77  10:30  Mutalisk x3  
  83  10:56  Hatchery  
  82  11:02  Hatchery  
  81  11:17  Hatchery  
  80  11:22  Drone x2, Extractor  
  80  11:23  Drone, Extractor, Hatchery  
  80  11:24  Drone x2  
  80  11:25  Drone  
  83  11:32  Ultralisk  
  89  11:33  Ultralisk x5  
  119  11:49  Overlord x3  
  119  11:50  Overlord x2  
  119  11:51  Overlord  
  119  12:00  Ultralisk x2  
  119  12:01  Ultralisk  
  137  12:09  Queen  
  137  12:11  Drone  
  140  12:38  Drone  
  141  13:09  Ultralisk x3  
  159  13:14  Ultralisk x3  
  159  13:15  Ultralisk  
  159  13:18  Drone x3  
  186  13:39  Drone  
  187  13:46  Extractor  
  187  13:47  Ultralisk  
  187  13:48  Ultralisk  
  198  13:49  Extractor  
  197  14:51  Lair  
  197  15:23  Extractor  
  197  15:26  Extractor  
  197  15:27  Mutalisk x2  
  199  15:44  Spine Crawler  
  198  15:50  Spine Crawler, Lair  
  198  15:54  Mutalisk  
  199  16:00  Zerg Flyer Armor Level 2  
  199  16:03  Anabolic Synthesis  
  195  16:36  Mutalisk x3  
  195  16:37  Mutalisk x2  
  199  16:45  Chitinous Plating  
  187  16:52  Ultralisk x2  
  189  17:26  Adrenal Glands  
  189  17:27  Hatchery  
  189  17:28  Zerg Melee Weapons Level 1  
  188  17:53  Mutalisk x3  
  194  18:04  Queen  
  196  18:06  Queen  
  198  18:17  Zerg Flyer Weapons Level 1  
  164  19:23  Zerg Missile Weapons Level 1  
  164  19:28  Corruptor x2  
  164  19:29  Corruptor x4  
  176  19:38  Corruptor x7  
  178  19:39  Corruptor x4  
  198  20:11  Zerg Flyer Armor Level 3  
  172  20:55  Corruptor x5  
  148  20:58  Corruptor x8  
  148  20:59  Corruptor x2  
  148  21:01  Corruptor  
  148  21:02  Corruptor x2  
  140  21:05  Corruptor x3  
  140  21:09  Ultralisk  
  140  21:10  Ultralisk x2  
  139  21:16  Zerg Ground Armor Level 2  
  135  22:00  Ultralisk x3  
  149  22:18  Zergling x2  
  149  22:19  Zergling x4  
  143  22:23  Zergling x6  
  133  22:38  Mutalisk  
  129  22:47  Zerg Flyer Weapons Level 2  
  125  23:08  Ultralisk x3  
  125  23:10  Mutalisk  
  125  23:11  Mutalisk  
  127  23:39  Zergling x2  
  127  23:40  Zergling x4  
  128  23:43  Ultralisk  
  128  23:46  Zergling x2  
  128  23:47  Zergling x4  
  137  24:03  Extractor  
  137  24:05  Extractor  
  135  24:17  Ultralisk  
  141  24:19  Zergling x4  
Show
View Real Time Build Order
Export as new Build Order

HORSES Zerg 

Build Orders: Pool First 

Get SALT Encoding   

  12  0:03  Drone  
  13  0:15  Drone  
  13  0:18  Overlord  
  14  0:49  Drone x3  
  17  0:58  Spawning Pool  
  16  1:07  Drone  
  17  1:15  Drone  
  18  1:25  Extractor  
  18  1:31  Drone  
  18  1:33  Drone  
  18  1:37  Hatchery  
  18  1:44  Queen  
  20  1:47  Zergling x2  
  21  2:01  Drone  
  22  2:08  Overlord  
  22  2:18  Overlord  
  22  2:42  Zergling x2  
  22  2:43  Zergling x2  
  24  2:46  Lair  
  24  2:53  Overlord  
  24  3:00  Drone  
  25  3:07  Queen  
  27  3:15  Drone x2  
  27  3:17  Drone x5  
  34  3:35  Extractor  
  33  3:41  Drone  
  33  3:44  Drone x3  
  37  3:52  Drone  
  38  3:57  Zergling x6  
  38  4:01  Zergling x2  
  42  4:08  Metabolic Boost  
  42  4:17  Drone x3, Evolution Chamber  
  43  4:24  Zergling x4  
  46  4:27  Drone  
  46  4:29  Drone x2  
  49  4:37  Evolution Chamber  
  48  4:39  Roach Warren  
  48  4:45  Drone  
  48  4:47  Drone x4, Spire  
  51  4:55  Overlord  
  51  5:01  Overlord x3  
  51  5:02  Overlord x2  
  51  5:14  Spire  
  51  5:20  Roach x2  
  54  5:25  Glial Reconstitution  
  47  5:46  Roach x4  
  51  5:59  Zergling x8  
  51  6:01  Zergling x8  
  51  6:02  Zergling x10  
  57  6:32  Zerg Flyer Weapons Level 1  
  57  6:34  Zerg Flyer Armor Level 1  
  57  6:40  Queen  
  57  6:43  Roach x3  
  65  6:48  Drone x3  
  68  6:56  Zerg Missile Weapons Level 1  
  68  7:07  Roach x2  
  72  7:09  Zergling x2  
  73  7:15  Queen  
  75  7:29  Drone  
  76  7:36  Roach x3  
  82  7:40  Extractor  
  81  7:44  Zerg Melee Weapons Level 1  
  81  7:51  Queen  
  83  7:58  Spine Crawler  
  82  8:17  Drone x3  
  85  8:38  Drone x4  
  85  8:39  Drone  
  90  8:44  Roach x4  
  98  8:55  Overlord x3  
  98  9:19  Drone x2  
  98  9:20  Drone  
  98  9:22  Roach x2  
  98  9:23  Roach x2  
  92  10:07  Spine Crawler  
  92  10:11  Spine Crawler  
  92  10:13  Drone x4  
  94  10:14  Spine Crawler  
  94  10:20  Roach x7  
  94  10:21  Roach x2  
  111  10:23  Zerg Missile Weapons Level 2  
  111  10:25  Zerg Ground Armor Level 1  
  111  10:27  Zerg Flyer Weapons Level 2  
  111  10:30  Zerg Flyer Armor Level 2  
  111  10:44  Extractor  
  110  11:20  Spine Crawler  
  110  11:22  Spine Crawler  
  110  11:24  Spine Crawler  
  107  11:26  Spine Crawler  
  107  11:27  Roach x5  
  107  11:31  Overlord x5  
  107  11:32  Overlord x4  
  110  12:26  Zerg Ground Armor Level 2  
  110  12:31  Queen  
  110  12:33  Roach x3  
  110  12:34  Roach x6  
  130  12:39  Zerg Melee Weapons Level 2  
  130  12:42  Corruptor x4  
  130  12:43  Corruptor x3  
  148  13:05  Roach x2  
  148  13:06  Spine Crawler, Roach x2  
  148  13:07  Queen  
  153  13:26  Infestation Pit  
  152  13:39  Hydralisk Den  
  151  14:21  Roach x6  
  163  14:25  Corruptor x6  
  175  14:51  Overlord x2  
  175  15:01  Corruptor x3  
  167  16:03  Roach x6  
  167  16:04  Roach x2  
  183  16:08  Mutalisk x3  
  183  16:09  Mutalisk x3  
  195  16:21  Hive  
  195  16:41  Mutalisk x2  
  199  17:38  Zerg Melee Weapons Level 3  
  199  17:40  Zerg Missile Weapons Level 3  
  175  19:27  Roach x7  
  175  19:28  Roach x5  
  199  19:37  Zerg Flyer Weapons Level 3  
  94  21:25  Roach x5  
  48  24:53  Hatchery  
  48  24:57  Extractor  
Tags
 
Add a new tag
Caveats
  • Supply blocks, unpowered buildings, or Contaminate may cause inaccurate times.
  • Supply counts are checked every 10 seconds.